 Dungeon Crawl Stone Soup version 0.25.1-2-g60ff931df9 (webtiles) character file.

Game seed: 9077301963004063053

5164 selver the Basher (level 10, -16/70 HPs)
             Began as a Demonspawn Abyssal Knight on Oct 19, 2020.
             Was a Priest of Lugonu.
             Demolished by a two-headed ogre
             ... wielding a +0 giant club
              (25 damage)
             ... on level 8 of the Dungeon.
             The game lasted 00:22:55 (8336 turns).

selver the Basher (Demonspawn Abyssal Knight)       Turns: 8336, Time: 00:22:55

Health: -16/70     AC: 16    Str: 18    XL:     10   Next: 33%
Magic:  11/11      EV:  5    Int: 13    God:    Lugonu [***...]
Gold:   236        SH:  0    Dex: 13    Spells: 9/9 levels left

rFire    + . .     SeeInvis .   p - +0 whip (vamp)
rCold    x . .     Gourm    .   (no shield)
rNeg     . . .     Faith    .   e - +0 plate armour
rPois    .         Spirit   .   (helmet restricted)
rElec    .         Reflect  .   y - +0 cloak
rCorr    .         Harm     .   t - +0 pair of gloves
MR       .....                  (no boots)
Stlth    ..........             (no amulet)
HPRegen  0.21/turn              v - ring of wizardry
MPRegen  0.12/turn              F - ring of fire

@: studying Crossbows
A: antennae 1, talons 2, iridescent scales 2, sense surroundings 2, powered by
death 2, strong 1
a: Depart the Abyss, Bend Space, Banish, Renounce Religion


You were on level 8 of the Dungeon.
You worshipped Lugonu.
Lugonu was most pleased with you.
You were not hungry.

You visited 2 branches of the dungeon, and saw 9 of its levels.
You visited the Abyss 1 time.

You collected 326 gold pieces.
You spent 90 gold pieces at shops.

Inventory:

Hand Weapons
 a - a +1 mace
 p - a +0 vampiric whip (weapon)
 w - a +0 whip of freezing
Armour
 e - a +0 plate armour (worn)
 t - a +0 pair of gloves (worn)
 y - a +0 cloak (worn)
Jewellery
 v - a ring of wizardry (left hand)
 C - an uncursed ring of ice
 F - a ring of fire (right hand)
Wands
 l - a wand of iceblast (8)
 o - a wand of acid (4)
 x - a wand of digging (4)
 E - a wand of clouds (3)
Scrolls
 d - 8 scrolls of remove curse
 f - 3 scrolls of teleportation
 g - 4 scrolls of identify
 h - a scroll of amnesia
 i - 2 scrolls of fog {unknown}
 m - a scroll of immolation {unknown}
 q - 2 scrolls of enchant armour {unknown}
 r - a scroll of noise {unknown}
 s - a scroll of magic mapping {unknown}
 B - 3 scrolls of acquirement {unknown}
 H - a scroll of enchant weapon {unknown}
Potions
 b - 4 potions of lignification
 j - a potion of resistance
 k - a potion of degeneration
 n - a potion of stabbing
 u - a potion of haste
 z - 3 potions of curing
 A - a potion of flight
Books
 I - a manual of Crossbows
Comestibles
 c - 14 rations


   Skills:
 + Level 3.0 Fighting
 - Level 14.7 Maces & Flails
 + Level 1.7 Armour
 - Level 0.8 Dodging
 * Level 2.4 Invocations


You had 9 spell levels left.
You didn't know any spells.
Your spell library contained the following spells:

 Spells                   Type           Power        Failure   Level  Hunger
 Animate Skeleton         Necr           N/A          99%         1    ##.....
 Pain                     Necr           #...         99%         1    ##.....
 Vampiric Draining        Necr           #.........   100%        3    ####...
 Animate Dead             Necr           N/A          100%        4    #####..
 Agony                    Necr           #.......     100%        5    ######.


Dungeon Overview and Level Annotations

Branches:
Dungeon (8/15)             Temple (1/1) D:5
   Lair: D:8-11

Altars:
Cheibriados
Elyvilon
Kikubaaqudgha
Makhleb
Okawaru
Qazlal
Trog
Zin

Shops:
D:4 :


Innate Abilities, Weirdness & Mutations

You have razor-sharp toenails.
You are mostly covered in iridescent scales. (AC +4)
You regenerate health from kills.
You have a pair of small antennae on your head.
You passively map the area around you.
Your muscles are strong. (Str +2)


Message History

You completely miss the two-headed ogre.
You claw the two-headed ogre.
The two-headed ogre is lightly wounded.
The two-headed ogre hits you but does no damage.
The two-headed ogre hits you with a +0 giant club!
You hit the two-headed ogre but do no damage.
Your kick misses the two-headed ogre.
The two-headed ogre is lightly wounded.
You hit the two-headed ogre but do no damage.
The two-headed ogre is lightly wounded.
The two-headed ogre hits you with a +0 giant club! x2
* * * LOW HITPOINT WARNING * * *
You feel much better.
The two-headed ogre hits you with a +0 giant club! x2
* * * LOW HITPOINT WARNING * * *
The two-headed ogre hits you with a +0 giant club.
* * * LOW HITPOINT WARNING * * *
The two-headed ogre barely misses you.
The two-headed ogre hits you with a +0 giant club!!
You die...

###### .....#
####.##
#..#############
##.##..........##
#.#............##
#...............#
#...........@...#
#............O..#
#...............#
#...............#
#.#............##
## #.##.........<##
.####.#..##.#######
.##.....###.#
.##.##.## #.#


You could see a two-headed ogre.

Vanquished Creatures
  Pikel (D:6)
  Prince Ribbit (D:7)
  Eustachio (D:6)
  Menkaure (D:7)
  A water moccasin (D:8)
  An ice beast (D:6)
  A sky beast (D:6)
  2 slaves (D:6)
  2 ogres
  3 phantoms
  A centaur (D:7)
  A wyvern zombie (D:6)
  2 bullfrogs (D:7)
  A crimson imp (D:5)
  A bullfrog zombie (D:6)
  3 hounds
  3 jellies
  Crazy Yiuf (D:7)
  An orc priest (D:4)
  5 orc wizards (D:5)
  2 iguanas
  2 worker ants
  5 adders
  3 gnolls (D:6)
  3 adder skeletons
  4 worms
  3 dart slugs
  5 leopard geckos
  12 orcs
  2 giant cockroaches
  7 goblins
  8 hobgoblins
  7 jackals
  2 kobolds
  A quokka (D:8)
  4 ball pythons
  6 bats
  A frilled lizard (D:3)
  4 rats
  A fungus (D:7)
115 creatures vanquished.

Vanquished Creatures (others)
  A howler monkey (D:7)
  2 plants (D:6)
3 creatures vanquished.

Grand Total: 118 creatures vanquished

Notes
Turn   | Place    | Note
-------+----------+-------------------------------------------
     0 | Abyss:1  | selver the Demonspawn Abyssal Knight began the quest for
                  | the Orb.
     0 | Abyss:1  | Reached XP level 1. HP: 18/18 MP: 2/2
     0 | D:1      | Escaped the Abyss
    92 | D:1      | Reached skill level 2 in Maces & Flails
   174 | D:1      | Reached * piety under Lugonu
   304 | D:1      | Gained mutation: You are partially covered in iridescent
                  | scales. (AC +2) [demonic ancestry]
   304 | D:1      | Reached XP level 2. HP: 23/24 MP: 3/3
   697 | D:2      | Reached skill level 3 in Maces & Flails
  1068 | D:2      | Gained mutation: You are mostly covered in iridescent
                  | scales. (AC +4) [demonic ancestry]
  1068 | D:2      | Reached XP level 3. HP: 18/29 MP: 4/4
  1320 | D:2      | Found a stormy altar of Qazlal.
  1320 | D:2      | Found an ancient bone altar of Kikubaaqudgha.
  1457 | D:2      | Found a burning altar of Makhleb.
  1554 | D:3      | Found a snail-covered altar of Cheibriados.
  2130 | D:3      | Reached skill level 4 in Maces & Flails
  2130 | D:3      | Reached XP level 4. HP: 16/35 MP: 5/5
  2349 | D:3      | Found a bloodstained altar of Trog.
  2604 | D:3      | Reached ** piety under Lugonu
  2889 | D:4      | Found a white marble altar of Elyvilon.
  3024 | D:4      | Noticed a phantom
  3051 | D:4      | Killed a phantom
  3051 | D:4      | Reached skill level 5 in Maces & Flails
  3051 | D:4      | Gained mutation: You regenerate a little health from kills.
                  | [demonic ancestry]
  3051 | D:4      | Reached XP level 5. HP: 23/41 MP: 6/6
  3317 | D:4      | Noticed a phantom
  3377 | D:4      | Killed a phantom
  3377 | D:4      | Gained mutation: You have sharp toenails. [demonic
                  | ancestry]
  3377 | D:4      | Reached XP level 6. HP: 34/47 MP: 7/7
  3478 | D:4      | Reached skill level 6 in Maces & Flails
  3605 | D:4      | HP: 1/47 [orc priest/divine providence (12)]
  4076 | D:4      | Found Jottaod's Book Emporium.
  4540 | D:5      | Entered Level 5 of the Dungeon
  4683 | D:5      | Gained mutation: You have a pair of small antennae on your
                  | head. [potion of mutation]
  4683 | D:5      | Gained mutation: Your muscles are strong. (Str +2) [potion
                  | of mutation]
  4683 | D:5      | Gained mutation: You passively map a small area around you.
                  | [potion of mutation]
  4683 | D:5      | Gained mutation: You passively map the area around you.
                  | [potion of mutation]
  4837 | D:5      | Reached skill level 7 in Maces & Flails
  4837 | D:5      | Reached XP level 7. HP: 52/52 MP: 8/8
  4849 | D:5      | Found a staircase to the Ecumenical Temple.
  5164 | Temple   | Entered the Ecumenical Temple
  5346 | D:5      | Reached skill level 8 in Maces & Flails
  6027 | D:6      | Noticed Eustachio
  6047 | D:6      | Killed Eustachio
  6047 | D:6      | Reached skill level 9 in Maces & Flails
  6047 | D:6      | Gained mutation: You have razor-sharp toenails. [demonic
                  | ancestry]
  6047 | D:6      | Reached XP level 8. HP: 57/58 MP: 9/9
  6284 | D:6      | Reached *** piety under Lugonu
  6615 | D:6      | Noticed Pikel
  6683 | D:6      | Killed Pikel
  6683 | D:6      | Reached skill level 10 in Maces & Flails
  6806 | D:6      | Found Zin's Purification Station.
  6809 | D:6      | Found a glowing silver altar of Zin.
  6812 | D:6      | Bought a potion of curing for 90 gold pieces
  7058 | D:7      | Gained mutation: You regenerate health from kills. [demonic
                  | ancestry]
  7058 | D:7      | Reached XP level 9. HP: 29/63 MP: 10/10
  7482 | D:7      | Noticed Menkaure
  7490 | D:7      | Killed Menkaure
  7490 | D:7      | Reached skill level 11 in Maces & Flails
  7583 | D:7      | Noticed Prince Ribbit
  7605 | D:7      | Killed Prince Ribbit
  7764 | D:7      | Found a runed translucent door.
  7765 | D:7      | Noticed Crazy Yiuf
  7784 | D:7      | Killed Crazy Yiuf
  7954 | D:8      | Found an iron altar of Okawaru.
  8109 | D:8      | Noticed a two-headed ogre
  8324 | D:7      | Reached skill level 14 in Maces & Flails
  8324 | D:7      | Reached XP level 10. HP: 70/70 MP: 11/11
  8336 | D:8      | Demolished by a two-headed ogre

Illustrated notes

Levels and vault maps discovered:
D:1:      ncdulo_lavacross, layout_basic
D:2:      layout_rooms, lightli_temple_of_fire,
          gammafunk_temple_overflow_elements
D:3:      layout_loops_ring, kennysheep_slug_shrine, bloody_trog
D:4:      layout_loops_ring, elyvilon_altar_1, serial_shops,
          nicolae_shop_temple_entry_statues_fountains
D:5:      layout_basic, minmay_temple_entry_hall, first_ration,
          minmay_misc_feat_alley
D:6:      layout_loops_ring, zin_purify, serial_bayou_pond_c, uniq_pikel,
          uniq_eustachio
D:7:      lemuel_ice_spiral_2, layout_basic, uniq_menkaure, uniq_prince_ribbit1,
          uniq_crazy_yiuf_cottage
D:8:      layout_rooms, marbit_many_paths
Temple:   jpeg_temple_clearing

Skill      XL: |  1  2  3  4  5  6  7  8  9 |
---------------+----------------------------+-----
Maces & Flails | 2 3 4 5 7 9 10 14 | 14.7
Fighting       | |  3.0
Armour         | |  1.7
Dodging        | |  0.8
Invocations    | |  2.4

Action                   |  1- 3 |  4- 6 |  7- 9 | 10-12 || total
-------------------------+-------+-------+-------+-------++-------
Melee: Mace              |   167 |   204 |    55 |       ||   426
       Kick              |       |    17 |   131 |     1 ||   149
       Whip              |       |       |   375 |     3 ||   378
Invok: Depart the Abyss  |     1 |       |       |       ||     1
  Use: Potion            |     1 |     5 |     2 |     1 ||     9
       Scroll            |     3 |     2 |     4 |       ||     9
  Eat: Chunk             |     4 |     9 |    11 |       ||    24
Armor: Leather armour    |    47 |       |       |       ||    47
       Skin              |     1 |     1 |       |       ||     2
       Ring mail         |    11 |    67 |       |       ||    78
       Chain mail        |       |    54 |   154 |       ||   208
       Plate armour      |       |       |    34 |     1 ||    35
Dodge: Dodged            |   122 |   109 |    69 |     2 ||   302
